Map: Abyssal Reef LE

Players

PiG - Winner!

  • Race: Zerg Zerg
  • League: Grandmaster
  • Spawn Location: 5:00

eonblu

  • Race: Zerg Zerg
  • League: Master
  • Spawn Location: 11:00

VOD

https://www.youtube.com/watch?v=xQNk3DAA3aU

Description

Time

  • Played on: May 31, 2017, 6:52 p.m.
  • Length: 10:28
Show
View Real Time Build Order
Export as new Build Order

PiG Zerg - Winner!

Build Orders: Hatch First, Zergling Baneling 

Get SALT Encoding   

  12  0:01  Drone  
  13  0:12  Overlord  
  13  0:17  Drone  
  14  0:30  Drone  
  14  0:31  Drone  
  14  0:35  Drone  
  17  0:52  Hatchery  
  17  0:55  Drone  
  17  0:58  Drone  
  18  1:08  Extractor  
  17  1:14  Spawning Pool  
  17  1:16  Drone  
  17  1:20  Drone  
  18  1:28  Drone  
  19  1:39  Overlord  
  19  1:51  Drone  
  20  2:00  Queen  
  22  2:01  Zergling x2  
  22  2:03  Queen  
  22  2:04  Zergling x2  
  26  2:10  Metabolic Boost  
  26  2:12  Drone  
  27  2:17  Drone  
  28  2:26  Drone x2  
  30  2:36  Drone  
  31  2:40  Drone  
  32  2:47  Hatchery  
  31  2:55  Baneling Nest, Drone  
  31  2:56  Drone  
  32  3:04  Drone  
  32  3:05  Overlord  
  33  3:12  Zergling x2  
  34  3:15  Zergling x4  
  36  3:29  Zergling x8  
  36  3:30  Zergling x4  
  42  3:44  Overlord  
  42  3:46  Zergling x4  
  43  4:04  Baneling x4  
  43  4:07  Drone x7  
  43  4:08  Baneling x2  
  50  4:12  Baneling x2  
  50  4:15  Overlord  
  50  4:16  Overlord  
  50  4:19  Drone x4  
  50  4:20  Drone  
  54  4:37  Zergling x10  
  55  4:44  Zergling x6  
  55  4:46  Extractor  
  55  4:48  Roach Warren  
  55  4:49  Queen  
  55  4:57  Baneling x4  
  52  5:04  Overlord  
  52  5:05  Overlord  
  52  5:07  Drone x2  
  53  5:28  Zergling x6  
  53  5:29  Zergling x4  
  54  5:42  Roach x11  
  75  5:48  Baneling  
  75  5:49  Baneling  
  75  5:55  Roach x2  
  79  5:59  Roach  
  79  6:12  Baneling  
  79  6:14  Zergling x6  
  79  6:15  Zergling x10  
  86  6:31  Overlord, Evolution Chamber  
  86  6:32  Overlord x2  
  81  6:33  Lair  
  81  6:35  Extractor, Drone x3  
  81  6:36  Drone x3  
  86  6:41  Drone  
  86  6:45  Baneling x2  
  87  7:01  Drone x2  
  89  7:04  Extractor  
  87  7:13  Drone x6  
  87  7:14  Drone x8  
  99  7:21  Zerg Missile Weapons Level 1  
  99  7:27  Extractor  
  99  7:29  Drone x3  
  101  7:32  Glial Reconstitution  
  101  7:41  Overlord x5  
  101  7:56  Drone x4  
  105  8:07  Roach x11  
  127  8:14  Overseer  
  127  8:19  Hatchery  
  126  8:21  Extractor  
  125  8:31  Roach x6  
  137  8:36  Overlord x5  
  137  8:49  Overlord  
  147  9:02  Roach  
  147  9:03  Roach x7  
  147  9:07  Roach x2  
  157  9:17  Ravager x3  
  157  9:18  Ravager x4  
  157  9:19  Overlord x3  
  157  9:21  Overseer  
  164  9:25  Roach  
  166  9:38  Roach x12  
  184  9:43  Roach x4  
  190  9:52  Drone  
  176  10:03  Drone x3  
Show
View Real Time Build Order
Export as new Build Order

eonblu Zerg 

Build Orders: Hatch First 

Get SALT Encoding   

  12  0:01  Drone  
  13  0:08  Drone  
  14  0:17  Overlord  
  14  0:35  Drone x3  
  17  0:53  Hatchery  
  17  0:55  Drone  
  17  1:00  Drone  
  18  1:09  Extractor  
  17  1:15  Spawning Pool  
  17  1:17  Drone  
  17  1:20  Drone  
  18  1:30  Drone  
  19  1:41  Overlord  
  19  2:02  Zergling x4  
  19  2:03  Queen  
  19  2:04  Queen  
  19  2:05  Drone  
  26  2:12  Drone  
  26  2:13  Metabolic Boost  
  27  2:16  Drone  
  28  2:24  Drone  
  28  2:26  Drone  
  30  2:37  Hatchery  
  29  2:44  Drone x2  
  29  2:47  Overlord  
  29  2:50  Drone  
  32  2:55  Drone  
  33  2:58  Drone  
  34  3:06  Baneling Nest  
  34  3:09  Zergling x2  
  34  3:10  Zergling x2  
  35  3:14  Zergling x8  
  35  3:15  Zergling x2  
  40  3:24  Overlord  
  41  3:27  Drone x2  
  42  3:42  Overlord  
  40  3:51  Drone  
  40  3:52  Drone  
  42  3:55  Zergling x2  
  42  3:56  Zergling x10  
  45  4:04  Queen x2  
  45  4:06  Zergling x6  
  45  4:08  Zergling x2  
  52  4:10  Baneling x3  
  52  4:16  Overlord  
  52  4:19  Baneling x2  
  40  4:38  Zergling x4  
  40  4:39  Zergling x18  
  47  4:51  Drone x3  
  46  4:56  Drone  
  43  5:00  Drone x2  
  43  5:04  Drone  
  46  5:11  Drone x2  
  48  5:15  Extractor  
  48  5:16  Drone  
  48  5:17  Roach Warren  
  40  5:29  Drone x6  
  40  5:43  Evolution Chamber  
  40  5:44  Zergling x4  
  40  5:45  Zergling x6  
  44  5:54  Evolution Chamber  
  44  5:58  Roach x3  
  50  6:08  Drone x5  
  55  6:12  Queen  
  56  6:22  Drone x2  
  56  6:25  Drone  
  55  6:30  Roach  
  55  6:32  Roach x2  
  60  6:37  Roach x2  
  65  6:40  Ravager x3  
  67  6:47  Roach x2  
  67  6:48  Roach  
  67  6:50  Overlord  
  73  6:59  Overlord  
  73  7:13  Lair  
  71  7:16  Extractor, Drone  
  71  7:17  Drone x9  
  80  7:29  Zerg Missile Weapons Level 1  
  80  7:36  Roach  
  80  7:37  Roach  
  84  7:38  Overlord x2  
  84  7:45  Drone  
  84  7:46  Drone x4  
  84  7:48  Extractor  
  88  7:51  Ravager  
  88  7:53  Overlord x2  
  87  8:06  Overlord x2  
  87  8:13  Roach x8  
  103  8:20  Glial Reconstitution  
  103  8:25  Drone  
  103  8:26  Drone x5  
  109  8:27  Extractor  
  109  8:33  Unknown  
  108  8:36  Drone x3  
  108  8:39  Extractor  
  110  8:46  Overlord x2  
  110  8:53  Overlord x2  
  110  8:54  Roach  
  110  8:55  Roach x4  
  120  8:59  Overlord  
  120  9:06  Overlord  
  120  9:07  Roach x3  
  126  9:28  Roach, Hatchery  
  126  9:29  Roach x2  
  125  9:39  Roach x5  
  122  9:49  Roach  
  122  9:50  Roach x4  
Tags
 
Add a new tag
Caveats
  • Supply blocks, unpowered buildings, or Contaminate may cause inaccurate times.
  • Supply counts are checked every 10 seconds.